 Dungeon Crawl Stone Soup version 0.31-a0-1242-g57893ffec4 (webtiles) character file.

Game seed: 9969165438177549520

5047 Gargoyl the Cleaver (level 10, -6/96 HPs)
             Began as a Gargoyle Berserker on Dec 16, 2023.
             Was an Elder of Trog.
             Mangled by an 11-headed hydra (11 damage)
             ... on level 9 of the Dungeon.
             The game lasted 00:08:05 (6072 turns).

Gargoyl the Cleaver (Gargoyle Berserker)            Turns: 6072, Time: 00:08:06

Health: -6/96      AC: 19    Str: 22    XL:     10   Next: 55%
Magic:  10/10      EV: 13    Int:  7    God:    Trog [****..]
Gold:   513        SH:  0    Dex: 13    Spells: 9/9 levels left

rFire   . . .        B - +3 hand axe
rCold   + . .        (no shield)
rNeg    + . .        a - +0 acid dragon scales
rPois   ∞            (no helmet)
rElec   +            n - +0 cloak
rCorr   +            i - +0 pair of gloves
SInv    .            e - +0 pair of boots
Will    .....        f - amulet of the acrobat Stlth
                     c - ring of protection from cold
HPRegen 0.36/turn    l - +4 ring of slaying
MPRegen 0.12/turn

%: acrobat
@: berserking (expiring), very quick
A: sickness immunity, AC +7, negative energy resistance 1, electricity
resistance, torment resistance 1, petrification resistance
a: Renounce Religion, Berserk, Trog's Hand, Brothers in Arms


You were on level 9 of the Dungeon.
You worshipped Trog.
Trog was greatly pleased with you.
You visited 1 branch of the dungeon, and saw 9 of its levels.

You collected 555 gold pieces.
You spent 42 gold pieces at shops.

Inventory:

Hand Weapons
 B - a +3 hand axe (weapon)
Missiles
 s - 7 poisoned darts (quivered)
Armour
 a - +0 acid dragon scales (worn)
 e - a +0 pair of boots (worn)
 i - a +0 pair of gloves (worn)
 n - a +0 cloak (worn)
Jewellery
 c - a ring of protection from cold (left hand)
 f - an amulet of the acrobat (around neck)
 h - a ring of resist corrosion
 l - a +4 ring of slaying (right hand)
 z - a +6 ring of strength
Wands
 r - a wand of roots (6)
Scrolls
 b - 2 scrolls of fog
 g - a scroll of fear
 m - a scroll of blinking
 o - 4 scrolls of teleportation
 y - a scroll of immolation
Potions
 d - 4 potions of heal wounds
 k - 2 potions of magic
 p - 4 potions of lignification
 q - 2 potions of might
 t - a potion of degeneration {unknown}
 u - 4 potions of enlightenment {unknown}
 v - a potion of ambrosia {unknown}
 w - 2 potions of berserk rage {unknown}
 x - 2 potions of curing {unknown}
 A - a potion of resistance {unknown}
 D - 2 potions of invisibility {unknown}


   Skills:
 + Level 8.3 Fighting
 + Level 10.5 Axes
 + Level 7.2 Armour
 + Level 4.0 Dodging
 + Level 2.4 Stealth


You had 9 spell levels left.
You didn't know any spells.
Your spell library was empty.

Dungeon Overview and Level Annotations

Branches:
Dungeon (9/15)             Temple (0/1) D:7
   Lair: D:8-11         Orc: D:9-12

Altars:
Okawaru
Ru
Uskayaw

Shops:
D:5 ?   D:8 ?


Innate Abilities, Weirdness & Mutations

You are immune to sickness and miasma.
Your stone body is resilient. (AC +7)
You are immune to poison.
You resist negative energy. (rN+)
You are resistant to electric shocks. (rElec)
You are resistant to unholy torment.
You are immune to petrification.


Message History

The eight-headed hydra is moderately wounded.
The eight-headed hydra bites you but does no damage.
The eight-headed hydra closely misses you. x2
The eight-headed hydra barely misses you.
The eight-headed hydra bites you but does no damage.
The eight-headed hydra bites you.
The eight-headed hydra bites you but does no damage.
The eight-headed hydra barely misses you.
You hack one of the eight-headed hydra's heads off!
The seven-headed hydra grows two more!
You hit the nine-headed hydra.
The nine-headed hydra is lightly wounded.
Unknown command.
You chop one of the nine-headed hydra's heads off!
The eight-headed hydra grows two more!
You slash the ten-headed hydra!
The ten-headed hydra is lightly wounded.
The ten-headed hydra bites you but does no damage.
The ten-headed hydra bites you.
The ten-headed hydra closely misses you.
The ten-headed hydra barely misses you.
The ten-headed hydra completely misses you.
The ten-headed hydra bites you but does no damage.
The ten-headed hydra bites you!
The ten-headed hydra closely misses you.
The ten-headed hydra bites you. The ten-headed hydra bites you!
You chop one of the ten-headed hydra's heads off!
The nine-headed hydra grows two more!
You slice the 11-headed hydra!!
The 11-headed hydra is moderately wounded.
You barely miss the 11-headed hydra.
The 11-headed hydra is moderately wounded.
The 11-headed hydra barely misses you. x2; The 11-headed hydra bites you! x2
* * * LOW HITPOINT WARNING * * *
The 11-headed hydra bites you.
* * * LOW HITPOINT WARNING * * *
The 11-headed hydra bites you!
* * * LOW HITPOINT WARNING * * *
The 11-headed hydra bites you but does no damage. x2
The 11-headed hydra barely misses you. The 11-headed hydra bites you.
* * * LOW HITPOINT WARNING * * *
The 11-headed hydra bites you!
You die...

###....######
#..........
##.....#### ##
#(.....### ###.
##........ #... #
#..###..# #..###[##
##'#.#... #.)D#)$[+
..#†..##.. #)@##
##..##...###
#...###.....#.#'#.#
##..#.....#####...#
#......###.#..†)..
##..!###...##..#..
#.#'#......#.....
###[....#..##...#
##..###...'.###
#...###†.###


You could see a 11-headed hydra.

Vanquished Creatures
  An ugly thing (D:9)
  A hornet (D:9)
  A shadow (D:9)
  2 yaks (D:9)
  A steam dragon (D:9)
  3 swamp worms (D:8)
  An acid dragon (D:9)
  3 ice beasts
  4 orc warriors
  2 sky beasts (D:7)
  5 ogres
  4 centaurs
  2 phantoms
  A kobold brigand (D:9)
  2 bullfrogs
  A gnoll sergeant (D:7)
  5 scorpions
  6 wights
  The ghost of Bizboz the Magician, a weakling DjVM (D:3)
  A howler monkey (D:8)
  A hound (D:4)
  A jelly (D:4)
  5 orc priests
  3 iguanas
  10 orc wizards
  4 adders
  6 gnolls
  A white imp (D:5)
  2 ufetubi (D:7)
  A worm (D:2)
  A dart slug (D:5)
  49 orcs
  5 ball pythons
  4 endoplasms
  A giant cockroach (D:2)
  6 goblins
  4 hobgoblins
  4 jackals
  10 kobolds
  3 quokkas
  5 bats
  A frilled lizard (D:1)
  5 rats
179 creatures vanquished.

Vanquished Creatures (others)
  An orc wizard (D:5)
1 creature vanquished.

Grand Total: 180 creatures vanquished

Notes
Turn   | Place    | Note
-------+----------+-------------------------------------------
     0 | D:1      | Gargoyl the Gargoyle Berserker began the quest for the Orb.
     0 | D:1      | Reached XP level 1. HP: 14/14 MP: 1/1
   155 | D:1      | Reached XP level 2. HP: 15/19 MP: 2/2
   174 | D:1      | Found a faded altar of an unknown god.
   195 | D:1      | Reached skill level 3 in Axes
   831 | D:2      | Reached XP level 3. HP: 23/24 MP: 3/3
   935 | D:2      | Reached ** piety under Trog
  1372 | D:3      | Noticed a centaur
  1383 | D:3      | Killed a centaur
  1384 | D:3      | Reached skill level 4 in Axes
  1384 | D:3      | Reached XP level 4. HP: 25/29 MP: 4/4
  1384 | D:3      | Reached XP level 5. HP: 29/33 MP: 5/5
  1655 | D:3      | Found a runed translucent door.
  1656 | D:3      | Noticed Bizboz's ghost (weakling DjVM)
  1656 | D:3      | Noticed an ice beast
  1912 | D:3      | Killed an ice beast
  1913 | D:3      | Reached skill level 1 in Stealth
  1913 | D:3      | Reached XP level 6. HP: 38/38 MP: 6/6
  1915 | D:3      | Killed Bizboz's ghost
  1965 | D:4      | Reached skill level 5 in Axes
  2352 | D:4      | Reached XP level 7. HP: 44/44 MP: 7/7
  2649 | D:5      | Entered Level 5 of the Dungeon
  2712 | D:5      | Reached skill level 6 in Axes
  2743 | D:5      | Reached skill level 5 in Fighting
  2928 | D:5      | Reached XP level 8. HP: 47/49 MP: 8/8
  2939 | D:5      | Found an iron altar of Okawaru.
  3051 | D:5      | Found Ochiumu's Magic Scroll Shop.
  3056 | D:5      | Bought a scroll of teleportation for 42 gold pieces
  3195 | D:6      | Reached *** piety under Trog
  3254 | D:6      | Reached skill level 7 in Axes
  3291 | D:6      | Found a sacrificial altar of Ru.
  3764 | D:7      | Reached skill level 5 in Armour
  3767 | D:7      | Reached XP level 9. HP: 50/56 MP: 9/9
  3933 | D:7      | Reached skill level 8 in Axes
  4175 | D:7      | Found a staircase to the Ecumenical Temple.
  4651 | D:8      | Reached skill level 9 in Axes
  4827 | D:8      | Reached **** piety under Trog
  5091 | D:8      | Found Buorood's Magic Scroll Shoppe.
  5143 | D:8      | Reached XP level 10. HP: 25/64 MP: 10/10
  5825 | D:9      | Found a hide-covered altar of Uskayaw.
  5895 | D:9      | Reached skill level 10 in Axes
  6055 | D:9      | Noticed a white ugly thing
  6062 | D:9      | Noticed a six-headed hydra
  6064 | D:9      | Killed a white ugly thing
  6072 | D:9      | Mangled by an 11-headed hydra

Illustrated notes

Levels and vault maps discovered:
D:1:      dpeg_cavernosity, layout_basic, ebering_ecumenical_altar_webs,
          chequers_decorated_corner, minmay_box_of_dots
D:2:      layout_rooms, minmay_misc_feat_doors
D:3:      wander_river, layout_loops_ring, ebering_ghost_inner_flame,
          minmay_diced_spiral
D:4:      layout_loops_ring
D:5:      layout_basic, old_standard_altar, serial_shops, shop_statue
D:6:      layout_rooms, nicolae_ru_path_of_blood, nicolae_figureground_pulse
D:7:      layout_cave_pods, minmay_temple_entry_mini_moons,
          minmay_a_box_with_orc_wizards_in_it
D:8:      layout_basic, serial_shops, nicolae_shop_pleasant_corner_grove,
          special_room [special_room_orc], minivault_5, worms_lemuel
D:9:      minmay_slanted_spiral_squares, layout_loops_ring,
          mainiacjoe_overflow_paths, nicolae_elyvilon_temple_path,
          mainiacjoe_overflow_large_starburst

Skill      XL: |  1  2  3  4  5  6  7  8  9 10 |
---------------+-------------------------------+-----
Axes           | 3 4 5 6 7 9 10 | 10.5
Dodging        | 2 3 4 |  4.0
Fighting       | 4 5 6 7 8 |  8.3
Stealth        | 1 2 |  2.4
Armour         | 3 4 5 6 7 |  7.2

Action                     |  1- 3 |  4- 6 |  7- 9 | 10-12 || total
---------------------------+-------+-------+-------+-------++-------
  Melee: Hand axe          |    99 |    53 |   228 |    70 ||   450
         Punch             |     1 |     2 |     1 |     2 ||     6
 Invoke: Berserk           |     1 |     2 |     7 |     2 ||    12
         Trog's Hand       |       |     2 |     3 |     1 ||     6
    Use: Scroll            |     6 |     3 |     2 |     3 ||    14
   Stab: Sleeping          |     1 |       |       |       ||     1
 Armour: Animal skin       |    42 |       |       |       ||    42
         Chain mail        |    45 |    37 |   227 |    54 ||   363
         Acid dragon scale |       |       |       |    35 ||    35
  Dodge: Dodged            |    79 |    29 |   148 |    62 ||   318

Table legend: (Time is in decaauts)
 A = Elapsed time spent in this place.
 B = Non-inter-level travel time spent in this place.
 C = Inter-level travel time spent in this place.
 D = Time resting spent in this place.
 E = Time spent auto-exploring this place.
 F = Levels seen in this place.
 G = Mean time per level.
                   A        B        C        D        E       F      G
               +--------+--------+--------+--------+--------+-----+--------+
         Total |   6293 |   6143 |    150 |    353 |   4394 |   9 |  699.2 |
       Dungeon |   6293 |   6143 |    150 |    353 |   4394 |   9 |  699.2 |
               +--------+--------+--------+--------+--------+-----+--------+

Top non-repeatable levels by time:
     D:8: 1311 daAuts
     D:7: 880 daAuts
     D:1: 744 daAuts
     D:4: 740 daAuts
     D:3: 730 daAuts
     D:6: 566 daAuts
     D:5: 538 daAuts
     D:2: 515 daAuts
     D:9: 265 daAuts
